 Dungeon Crawl Stone Soup version 0.28.0 (webtiles) character file.

Game seed: 1067436716947420077

1236 blackman the Cleaver (level 8, -2/64 HPs)
             Began as a Minotaur Fighter on Feb 6, 2022.
             Slain by a water moccasin (3 damage)
             ... on level 6 of the Dungeon.
             The game lasted 00:06:50 (5956 turns).

blackman the Cleaver (Minotaur Fighter)             Turns: 5956, Time: 00:06:51

Health: -2/64      AC:  8    Str: 20 (22) XL:     8   Next: 24%
Magic:  7/7        EV:  9    Int:  4 (5)  God:
Gold:   199        SH:  4    Dex:  8 (11) Spells: 7/7 levels left

rFire   . . .      SeeInvis .   a - +0 war axe
rCold   + . .      Faith    .   c - +0 buckler
rNeg    . . .      Spirit   .   r - +0 scale mail
rPois   .          Reflect  .   (helmet restricted)
rElec   .          Harm     .   (no cloak)
rCorr   .          Rampage  .   j - +0 pair of gloves
Will    .....                   (no boots)
Stlth   ..........              (no amulet)
HPRegen 0.20/turn               k - ring of protection from cold
MPRegen 0.10/turn               (no ring)

@: brilliant, lethally poisoned (-2 -> -5), attractive
A: horns 2, retaliatory headbutt
a: no special abilities


You were on level 6 of the Dungeon.
You visited 1 branch of the dungeon, and saw 6 of its levels.

You collected 253 gold pieces.
You spent 54 gold pieces at shops.

Inventory:

Hand Weapons
 a - a +0 war axe (weapon)
 b - a +2 vorpal hand crossbow
Missiles
 o - 4 javelins
 w - 16 bolts
Armour
 c - a +0 buckler (worn)
 j - a +0 pair of gloves (worn)
 r - a +0 scale mail (worn)
Jewellery
 k - a ring of protection from cold (left hand)
Scrolls
 e - 2 scrolls of teleportation {unknown}
 g - 6 scrolls of identify {unknown}
 h - a scroll of fog {unknown}
 i - a scroll of blinking {unknown}
 l - 2 scrolls of amnesia (quivered) {unknown}
 n - 2 scrolls of vulnerability {unknown}
 p - a scroll of noise {unknown}
 q - a scroll of magic mapping
 s - a scroll of enchant armour {unknown}
Potions
 m - a potion of berserk rage
 t - a potion of magic
 u - a potion of degeneration


   Skills:
 - Level 3.6 Fighting
 + Level 12.0 Axes
 - Level 3.6 Armour
 - Level 3.6 Shields


You had 7 spell levels left.
You didn't know any spells.
Your spell library contained the following spells:

 Spells                   Type           Power      Damage    Failure   Level
 Summon Small Mammal      Summ           0%         N/A       91%         1
 Sublimation of Blood     Necr           0%         N/A       97%         2
 Wereblood                Tmut           0%         N/A       97%         2
 Summon Hydra             Summ           0%         N/A       100%        7


Dungeon Overview and Level Annotations

Branches:
Dungeon (6/15)
 Temple: D:4-7

Altars:
Elyvilon
Kikubaaqudgha
Sif Muna
Vehumet
Beogh

Shops:
D:1 !   D:6 *

Annotations:
D:4 Menkaure, Sigmund


Innate Abilities, Weirdness & Mutations

You have a pair of horns on your head.
You reflexively headbutt those who attack you in melee.


Message History

The water moccasin is almost dead.
The water moccasin bites you but does no damage.
You barely miss the water moccasin.
Your headbutt misses the water moccasin.
The water moccasin is almost dead.
The water moccasin bites you.
* * * LOW HITPOINT WARNING * * *
You are poisoned.
The water moccasin poisons you!
The water moccasin bites you but does no damage.
You miss the water moccasin.
Your headbutt misses the water moccasin.
The water moccasin is almost dead.
You feel very sick. The water moccasin bites you.
* * * LOW HITPOINT WARNING * * *
You closely miss the water moccasin.
The water moccasin is almost dead.
You feel sick. The water moccasin barely misses you.
You completely miss the water moccasin.
Your headbutt misses the water moccasin.
The water moccasin is almost dead.
You feel sick. You block the water moccasin's attack.
The water moccasin bites you.
* * * LOW HITPOINT WARNING * * *
You barely miss the water moccasin.
The water moccasin is almost dead.
* * * LOW HITPOINT WARNING * * *
You feel sick.
The water moccasin bites you but does no damage.
It was a potion of attraction.
You feel attractive to monsters.
You feel sick. The water moccasin bites you.
* * * LOW HITPOINT WARNING * * *
As you read the scroll labelled ICESHR VAIFE, it crumbles to dust.
You feel aware of your surroundings.
You sensed 5 altars.
It was a scroll of magic mapping.
* * * LOW HITPOINT WARNING * * *
You feel sick. The water moccasin bites you.
You die...

.........,,,,,,,*,,**** *,,,
.#.......,,,,,..*,.(.# **,,
.........,,,,*,.##.#.# **,
.........,**,,,.....[###********,
..#....#*,,,,,,,.......?,,,,,,,,,
#.####.##******,......,*********,
#..###..# **#o..,,,,,,,,,,,,,
##......## ###S#***,**,,,,,,,,
#.......#** #.@.## *,,,,,,,,,,,
##..>.....,* #.#..# ***,,,,,,,,*
........##.* #.##.####*,,,,,,,,*
.##.....##.####.##....#*,,,,,,,,*
#.#####...........###.#*,,,,,,,,*
.## *#...........##.#*,,,,,,,,*
## #..............###...,,,,* .##
#.....................,,** #.#
#...........∩..#...###*,*


You could see a water moccasin and an orc.

Vanquished Creatures
  A steam dragon (D:6)
  A black bear (D:4)
  A sky beast (D:5)
  2 ogres (D:5)
  2 centaurs (D:5)
  A wyvern zombie (D:5)
  A scorpion (D:5)
  The ghost of Jase the Skirmisher, a weakling PaFi (D:3)
  A centaur skeleton (D:6)
  2 orc priests
  A hound (D:6)
  Jessica (D:3)
  An iguana (D:4)
  A scorpion zombie (D:5)
  A hound zombie (D:5)
  10 gnolls
  5 adders
  A dart slug (D:3)
  10 orcs
  5 ball pythons
  6 endoplasms
  5 giant cockroaches
  3 goblins
  6 hobgoblins
  6 jackals
  4 quokkas
  2 bats
  3 frilled lizards
  7 kobolds
  4 rats
95 creatures vanquished.

Notes
Turn   | Place    | Note
-------+----------+-------------------------------------------
     0 | D:1      | blackman the Minotaur Fighter began the quest for the Orb.
     0 | D:1      | Reached XP level 1. HP: 19/19 MP: 0/0
   497 | D:1      | Reached skill level 3 in Axes
   589 | D:1      | Found a faded altar of an unknown god.
   614 | D:1      | Found Bynops's Distillery.
   734 | D:1      | Reached XP level 2. HP: 26/26 MP: 1/1
  1139 | D:2      | Reached skill level 4 in Axes
  1156 | D:2      | Reached XP level 3. HP: 31/31 MP: 2/2
  1226 | D:2      | Reached skill level 5 in Axes
  1227 | D:2      | Reached XP level 4. HP: 21/39 MP: 3/3
  2188 | D:3      | Noticed Jessica
  2192 | D:3      | Killed Jessica
  2193 | D:3      | Reached skill level 6 in Axes
  2354 | D:3      | Found a runed translucent gate.
  2355 | D:3      | Found a runed translucent gate.
  2355 | D:3      | Found a runed translucent gate.
  2355 | D:3      | Identified the +4 chain mail of the Beggar {rF++ Str+2}
  2356 | D:3      | Noticed Jase's ghost (weakling PaFi)
  2760 | D:3      | Reached XP level 5. HP: 45/45 MP: 4/4
  2768 | D:3      | Killed Jase's ghost
  2769 | D:3      | Reached skill level 7 in Axes
  3053 | D:4      | Noticed Sigmund
  3053 | D:4      | Noticed Menkaure
  3060 | D:4      | Noticed a black bear
  3367 | D:3      | Reached XP level 6. HP: 23/51 MP: 5/5
  3681 | D:4      | Reached skill level 8 in Axes
  4252 | D:5      | Entered Level 5 of the Dungeon
  4253 | D:5      | Noticed a sky beast
  4259 | D:5      | Killed a sky beast
  4260 | D:5      | Reached skill level 9 in Axes
  4304 | D:5      | Reached XP level 7. HP: 54/57 MP: 6/6
  4609 | D:5      | Found a white marble altar of Elyvilon.
  4682 | D:5      | Reached skill level 10 in Axes
  4871 | D:5      | Found an ancient bone altar of Kikubaaqudgha.
  4877 | D:5      | Found a shimmering blue altar of Sif Muna.
  4879 | D:5      | Found a radiant altar of Vehumet.
  4884 | D:5      | Got Sif Muna's Grimoire of the Entourage
  4943 | D:5      | Found a glowing drain.
  4969 | D:5      | Reached skill level 11 in Axes
  5230 | D:5      | Reached XP level 8. HP: 44/64 MP: 7/7
  5909 | D:6      | Found Braj's Bounteous Boutique.
  5917 | D:6      | Bought 18 bolts for 54 gold pieces
  5932 | D:6      | Reached skill level 12 in Axes
  5955 | D:6      | HP: 2/64 [water moccasin (3)]
  5956 | D:6      | Slain by a water moccasin

Illustrated notes

Levels and vault maps discovered:
D:1:      lordsloth_arrival_two_stooges, layout_basic, serial_shops,
          nicolae_shop_behind_doors, hellmonk_ecumenical_altar_blasted
D:2:      layout_loops_ring
D:3:      layout_basic, biasface_ghost_orc_armoury, uniq_jessica
D:4:      layout_gridville, mainiacjoe_overflow_alcove_4, dk_noncrumbling_3,
          uniq_edmund, uniq_menkaure, uniq_sigmund
D:5:      layout_basic, grunt_temple_overflow_magic_moments, old_standard_altar,
          portal_sewer_entry_c, amcnicky_mini_rare_corridor_liquid,
          chequers_big_river
D:6:      layout_rooms, kennysheep_slug_shrine, grunt_temple_overflow_diamond,
          yredelemnul_altar_generic, grunt_decor_resistance,
          nicolae_alphabet_shops, grunt_ministairs_5, minmay_pentangle

Skill      XL: |  1  2  3  4  5  6  7  8 |
---------------+-------------------------+-----
Axes           | 3 4 5 6 7 9 11 12 | 12.0
Fighting       | |  3.6
Armour         | |  3.6
Shields        | |  3.6

Action                   |  1- 3 |  4- 6 |  7- 9 || total
-------------------------+-------+-------+-------++-------
Melee: War axe           |    27 |   130 |    76 ||   233
       Headbutt          |     4 |    14 |    14 ||    32
 Fire: Hand crossbow     |       |       |     2 ||     2
Throw: Javelin           |       |     2 |       ||     2
       Throwing net      |       |     1 |       ||     1
  Use: Potion            |       |     2 |     5 ||     7
       Scroll            |       |       |     1 ||     1
Armor: Scale mail        |    10 |    55 |    36 ||   101
Dodge: Dodged            |     9 |    42 |    42 ||    93
Block: Buckler           |     6 |    28 |    22 ||    56
